 Dungeon Crawl Stone Soup version 0.24.0-125-gc4c63601f3 (webtiles) character file.

Game seed: 10438979892356343489, levelgen mode: deterministic

69533 Amplified the Warrior (level 15, -20/103 HPs)
             Began as a Kobold Hunter on Feb 25, 2020.
             Was a High Priest of Okawaru.
             Killed from afar by an orc sorcerer (24 damage)
             ... with a bolt of fire
             ... led by an orc warlord
             ... while paralysed by an orc sorcerer
             ... on level 2 of the Orcish Mines.
             The game lasted 00:38:39 (21770 turns).

Amplified the Warrior (Kobold Hunter)              Turns: 21770, Time: 00:38:40

Health: -20/103    AC: 20    Str: 14    XL:     15   Next: 74%
Magic:  26/26      EV:  3    Int: 14    God:    Okawaru [*****.]
Gold:   785        SH:  0    Dex: 18    Spells: 14/14 levels left

rFire    . . .     SeeInvis +   a - +2 hand crossbow
rCold    + . .     Gourm    .   r - +2 buckler {AC+3}
rNeg     . . .     Faith    .   v - +1 chain mail of Grace {Dex+6}
rPois    .         Spirit   .   x - +0 helmet
rElec    .         Reflect  +   y - +2 cloak
rCorr    .         Harm     .   b - +0 pair of gloves
MR       +....                  t - +2 pair of boots
Stlth    ..........             w - +4 amulet of reflection
HPRegen  0.27/turn              K - +3 ring of slaying
MPRegen  0.20/turn              C - ring of Summer {+Inv rC+ Dex-4 Slay+4 SInv}

@: paralysed, lethally poisoned (-20 -> -21), lightly drained
A: small, carnivore
a: Heroism, Finesse, Renounce Religion, Evoke Invisibility


You were on level 2 of the Orcish Mines.
You worshipped Okawaru.
Okawaru was extremely pleased with you.
You were not hungry.

You visited 3 branches of the dungeon, and saw 20 of its levels.
You also visited: Sewer.

You collected 2648 gold pieces.
You spent 1863 gold pieces at shops.

Inventory:

Hand Weapons
 a - a +2 hand crossbow (weapon)
 N - a +3 morningstar of freezing
 Y - a +0 arbalest
Missiles
 d - 88 sling bullets
 B - 75 poisoned darts
 J - 22 bolts (quivered)
Armour
 b - a +0 pair of gloves (worn)
 r - a +2 buckler of protection (worn)
 t - a +2 pair of boots (worn)
 v - the +1 chain mail of Grace (worn) {Dex+6}
   (You found it on level 8 of the Dungeon)

   It affects your dexterity (+6).
 x - a +0 helmet (worn)
 y - a +2 cloak (worn)
 M - the +5 robe "Irchoxyej" {rPois rC+ Int-4 Stlth+}
   (You found it on level 6 of the Dungeon)

   It affects your intelligence (-4).
   It protects you from cold.
   It protects you from poison.
   It makes you more stealthy.
 S - the +1 ring mail of Alostidd {Dex+4}
   (Okawaru gifted it to you on level 6 of the Lair of Beasts)

   It affects your dexterity (+4).
 Z - the +1 buckler of Pimic {Dex+3}
   (You found it on level 1 of the Orcish Mines)

   It affects your dexterity (+3).
Jewellery
 g - an uncursed amulet of harm {unknown}
 q - an uncursed amulet of regeneration
 w - a +4 amulet of reflection (around neck)
 z - an uncursed ring of flight
 C - the ring of Summer (right hand) {+Inv rC+ Dex-4 Slay+4 SInv}
   (You bought it in a shop on level 7 of the Dungeon)

   [ring of slaying]

   It affects your dexterity (-4).
   It affects your accuracy and damage with ranged weapons and melee attacks
   (+4).
   It protects you from cold.
   It lets you see invisible.
   It lets you turn invisible.
 K - a +3 ring of slaying (left hand)
 O - the ring of Divine Compulsion {Str+3 Stlth+}
   (You took it off an orc wizard on level 9 of the Dungeon)

   [ring of stealth]

   It affects your strength (+3).
   It makes you more stealthy.
 U - an uncursed ring of magical power
 V - an uncursed ring of poison resistance {unknown}
 W - an uncursed ring of see invisible {unknown}
Wands
 D - a wand of digging (4)
 E - a wand of paralysis (3)
 G - a wand of enslavement (9)
 Q - a wand of random effects (13)
 R - a wand of flame (18)
 T - a wand of polymorph (10)
Scrolls
 i - 5 scrolls of teleportation
 l - 2 scrolls of fog
 n - 2 scrolls of remove curse
 F - 3 scrolls of enchant weapon
 I - 6 scrolls of amnesia
 P - a scroll of fear
Potions
 c - 4 potions of cancellation
 e - 2 potions of curing
 h - 3 potions of lignification
 j - 4 potions of flight
 k - 4 potions of ambrosia
 m - 5 potions of magic
 o - 3 potions of might
 p - a potion of resistance
 s - a potion of invisibility
 u - 6 potions of brilliance
 A - a potion of mutation
 H - a potion of agility
 L - a potion of heal wounds
Miscellaneous
 X - a lamp of fire (inert)
Comestibles
 f - 33 rations


   Skills:
 * Level 15.4(14.8) Fighting
 - Level 2.5(2.0) Maces & Flails
 - Level 12.9(12.3) Crossbows
 - Level 0.7(0.3) Armour
 * Level 13.4(12.8) Dodging
 - Level 3.2(2.7) Stealth
 - Level 6.0(5.5) Shields
 * Level 15.1(14.5) Invocations


You had 14 spell levels left.
You didn't know any spells.
Your spell library contained the following spells:

 Spells                   Type           Power        Failure   Level  Hunger
 Apportation              Tloc           #.....       100%        1    ##.....
 Freeze                   Ice            #...         100%        1    ##.....
 Infusion                 Chrm           #...         100%        1    ##.....
 Summon Butterflies       Summ           #.......     100%        1    ##.....
 Shroud of Golubria       Chrm/Tloc      #.....       100%        2    ###....
 Song of Slaying          Chrm           #.......     100%        2    ###....
 Throw Frost              Conj/Ice       #.....       100%        2    ###....
 Lesser Beckoning         Tloc           #.........   100%        3    ####...
 Ozocubu's Armour         Chrm/Ice       #.......     100%        3    ####...
 Regeneration             Chrm/Necr      #.........   100%        3    ####...
 Spectral Weapon          Hex/Chrm       #.......     100%        3    ####...
 Tukima's Dance           Hex            #.......     100%        3    ####...
 Summon Ice Beast         Ice/Summ       #.......     100%        4    #####..
 Throw Icicle             Conj/Ice       #.......     100%        4    #####..
 Alistair's Intoxication  Tmut/Pois      #.......     100%        5    ######.
 Invisibility             Hex            #.......     100%        6    #######


Dungeon Overview and Level Annotations

Branches:
Dungeon (12/15)            Temple (0/1) D:7            Lair (6/6) D:10
 Shoals (0/4) Lair:3       Spider (0/4) Lair:2        Slime (0/5) Lair:5
    Orc (2/2) D:10            Elf (0/3) Orc:2         Sewer (visited)

Altars:
Dithmenos
Hepliaklqana
Kikubaaqudgha
Okawaru
The Shining One
Beogh
Jiyva

Shops:
D:5 *   D:7 =*[%

Annotations:
Lair:2 2 transporters, Asketicks's ghost, journeyman GrFE
Lair:3 exclusion: 2 oklob plants
Lair:4 3 runed translucent doors, infcreate's ghost, journeyman DECj


Innate Abilities, Weirdness & Mutations

You are small and have problems with some larger weapons.
You are carnivorous and can eat meat at any time.


Message History

You feel sick.
The sixfirhy hits you but does no damage.
The sixfirhy barely misses you.
The orc sorcerer hits you but does no damage.
The sixfirhy hits you but does no damage.
The sixfirhy barely misses you.
The sixfirhy hits you but does no damage.
The sixfirhy hits you! The sixfirhy shocks you!
* * * LOW HITPOINT WARNING * * *
The orc sorcerer gestures at you while chanting.
The bolt of negative energy hits you!
You feel drained.
* * * LOW HITPOINT WARNING * * *
The sixfirhy hits you but does no damage.
The sixfirhy hits you.
* * * LOW HITPOINT WARNING * * *
The sixfirhy shocks you!
* * * LOW HITPOINT WARNING * * *
The orc sorcerer gestures at you while chanting.
The bolt of fire hits you!!
You die...

.....................#...))....
.............(.......######....
..##########..................#
## ##................#.
#..................
####..............##.
#(##8.#.(............### #
..)(.('.8).).....#..## #
)())))3@).)..##..###### #
(...(.o(8.(.###...#.#.## ##
#'##8.#......#...#.....# .#
####.......#...#.#..# .##
#........#....##... ..###
##........)....#....
....##########........#)###......
..#...................#)..#...#..
.#############...#....#.8.#..##..


You could see a sixfirhy and an orc sorcerer.

Vanquished Creatures
  Kirke (Lair:6)
  The ghost of Maimakterion the Bludgeoner, a journeyman GrFi of Cheibriados (Orc:1)
  4 hydras
  3 catoblepae (Lair:6)
  16 death yaks
  An orc high priest (Orc:2)
  Urug (Lair:4)
  9 deep elf magi (Orc:1)
  An orc sorcerer (Orc:1)
  A cyclops (D:11)
  An ugly thing (D:11)
  4 manticores
  2 elephants (Lair:5)
  Joseph (D:7)
  3 black mambas
  A merfolk siren (Lair:3)
  A gargoyle (D:10)
  8 spiny frogs
  2 centaur skeletons (D:11)
  8 komodo dragons
  4 rime drakes
  4 trolls
  A jumping spider (Lair:2)
  2 queen bees
  5 polar bears
  Prince Ribbit (D:7)
  3 meliai (Lair:5)
  8 dream sheep
  21 blink frogs
  11 hippogriffs
  2 redbacks (Lair:2)
  5 wyverns
  2 basilisks
  2 hogs (Lair:6)
  56 yaks
  A steam dragon (Lair:5)
  A hungry ghost (D:9)
  2 wargs (Orc:1)
  11 water moccasins
  2 acid dragons (D:11)
  A swamp drake (D:10)
  7 porcupines
  20 orc warriors
  3 sky beasts
  2 eyes of draining
  3 ice beasts
  10 ogres
  5 phantoms
  15 wolves
  9 centaurs
  14 crocodiles
  2 big kobolds
  A gnoll sergeant (D:8)
  21 bullfrogs
  5 scorpions
  A wyvern skeleton (D:9)
  53 killer bees
  4 wights
  3 electric eels
  2 howler monkeys
  6 crimson imps
  A bullfrog zombie (D:8)
  Crazy Yiuf (D:7)
  A hound (D:11)
  2 jellies (D:9)
  14 orc priests
  2 bullfrog skeletons
  35 orc wizards
  A gnoll shaman (D:7)
  9 worker ants
  A hell rat (Lair:5)
  A hound skeleton (D:9)
  A mummy (D:6)
  4 worker ant zombies
  12 gnolls
  10 adders
  2 river rats (Sewer)
  2 shadow imps
  An ooze (D:1)
  An adder skeleton (D:9)
  3 worms
  4 dart slugs
  7 leopard geckos
  71 orcs
  7 bats
  2 giant cockroaches
  3 goblins
  5 hobgoblins
  A jackal (Sewer)
  3 quokkas
  A ball python (D:3)
  4 frilled lizards
  A goblin zombie (D:6)
  A hobgoblin zombie (D:6)
  8 kobolds
  A quokka skeleton (D:6)
  9 rats
  2 fungi (Lair:1)
634 creatures vanquished.

Vanquished Creatures (others)
  A dream sheep (Lair:6)
  2 humans
  A bullfrog (D:9)
  8 fungi
  8 plants
20 creatures vanquished.

Grand Total: 654 creatures vanquished

Notes
Turn   | Place    | Note
-------+----------+-------------------------------------------
     0 | D:1      | Amplified the Kobold Hunter began the quest for the Orb.
     0 | D:1      | Reached XP level 1. HP: 12/12 MP: 1/1
   218 | D:1      | Reached XP level 2. HP: 18/18 MP: 2/2
   223 | D:1      | Reached skill level 5 in Crossbows
   400 | D:1      | You fall into a shaft and drop 1 floor!
   424 | D:2      | Reached XP level 3. HP: 22/22 MP: 3/3
   687 | D:2      | Found an ancient bone altar of Kikubaaqudgha.
   689 | D:2      | Noticed a human
   690 | D:2      | Killed a human
   957 | D:2      | Reached XP level 4. HP: 27/27 MP: 4/4
  1853 | D:3      | Reached XP level 5. HP: 32/32 MP: 5/5
  1891 | D:3      | Found an iron altar of Okawaru.
  1901 | D:3      | Became a worshipper of Warmaster Okawaru
  2219 | D:3      | Reached skill level 1 in Invocations
  2219 | D:3      | Reached XP level 6. HP: 32/37 MP: 6/6
  2236 | D:3      | Found a glowing golden altar of the Shining One.
  2583 | D:4      | Found a shadowy altar of Dithmenos.
  2650 | D:4      | Noticed an ogre
  2753 | D:4      | Found a glowing drain.
  2798 | Sewer    | Entered a sewer
  2901 | Sewer    | Reached XP level 7. HP: 37/43 MP: 8/8
  2923 | Sewer    | Found a glowing silver altar of Zin.
  3034 | D:4      | Reached * piety under Okawaru
  3236 | D:4      | Reached skill level 5 in Dodging
  3548 | D:5      | Entered Level 5 of the Dungeon
  3816 | D:5      | Reached skill level 5 in Fighting
  3816 | D:5      | Reached XP level 8. HP: 44/49 MP: 7/10
  3938 | D:5      | Found Cextussu's Assorted Antiques.
  3978 | D:5      | Bought a scroll labeled JAIDGH XOCHEYNY for 21 gold pieces
  3978 | D:5      | Bought an orange potion for 18 gold pieces
  4259 | D:7      | Found Torych's General Store.
  4259 | D:7      | Noticed Joseph
  4284 | D:7      | Killed Joseph
  4284 | D:7      | Reached ** piety under Okawaru
  4294 | D:7      | Bought a potion of heal wounds for 65 gold pieces
  4294 | D:7      | Bought a scroll of enchant armour for 97 gold pieces
  4350 | D:7      | Found a runed translucent door.
  4351 | D:7      | Noticed Crazy Yiuf
  4366 | D:7      | Killed Crazy Yiuf
  4440 | D:7      | Reached XP level 9. HP: 55/55 MP: 12/12
  4500 | D:7      | Reached skill level 5 in Invocations
  4551 | D:7      | Found Riskust's Jewellery Boutique.
  4703 | D:7      | Reached *** piety under Okawaru
  4749 | D:7      | Found Muadghio's Antique Armour Emporium.
  4779 | D:7      | Found a staircase to the Ecumenical Temple.
  4857 | D:7      | Found Luwitec's Food Emporium.
  4880 | D:7      | Noticed Prince Ribbit
  4891 | D:7      | Killed Prince Ribbit
  4993 | D:6      | Found a shadowy altar of Dithmenos.
  5921 | D:6      | Got a slimy robe
  6213 | D:8      | Reached XP level 10. HP: 63/63 MP: 12/14
  6379 | D:8      | Received a gift from Okawaru
  6754 | D:8      | Reached **** piety under Okawaru
  6754 | D:8      | Received a gift from Okawaru
  7115 | D:8      | Got a jewelled chain mail
  7126 | D:8      | Identified the +1 chain mail of Grace {Dex+6} (You found it
                  | on level 8 of the Dungeon)
  7136 | D:8      | Identified the +5 robe "Irchoxyej" {rPois rC+ Int-4 Stlth+}
                  | (You found it on level 6 of the Dungeon)
  7259 | D:9      | Reached skill level 10 in Crossbows
  7742 | D:9      | Reached XP level 11. HP: 58/69 MP: 17/17
  7743 | D:9      | Received a gift from Okawaru
  7935 | D:9      | Noticed an ogre mage
  8135 | D:9      | Identified the ring of Divine Compulsion {Str+3 Stlth+}
  8143 | D:9      | Reached skill level 10 in Dodging
  8250 | D:9      | Reached ***** piety under Okawaru
  8925 | D:10     | Entered Level 10 of the Dungeon
  9090 | D:10     | Received a gift from Okawaru
  9516 | D:10     | Found a staircase to the Orcish Mines.
  9680 | D:11     | Received a gift from Okawaru
  9680 | D:11     | Reached skill level 10 in Fighting
 10093 | D:11     | Noticed a cyclops
 10101 | D:11     | Killed a cyclops
 10101 | D:11     | Received a gift from Okawaru
 10101 | D:11     | Reached XP level 12. HP: 65/77 MP: 19/19
 10161 | D:11     | Reached skill level 1 in Shields
 10384 | D:11     | Reached skill level 10 in Invocations
 10900 | D:10     | Found a staircase to the Lair.
 11412 | Lair:1   | Entered Level 1 of the Lair of Beasts
 11441 | Lair:1   | Noticed a six-headed hydra
 11454 | Lair:1   | Killed a six-headed hydra
 12612 | Lair:2   | Found a hole to the Spider Nest.
 12740 | Lair:2   | Reached XP level 13. HP: 85/85 MP: 21/21
 12759 | Lair:2   | Found a transporter.
 12760 | Lair:2   | Noticed a four-headed hydra
 12762 | Lair:2   | Noticed Asketicks's ghost (journeyman GrFE)
 12763 | Lair:2   | Found a transporter.
 12785 | Lair:2   | Received a gift from Okawaru
 13132 | Lair:3   | Noticed a five-headed hydra
 13141 | Lair:3   | Killed a five-headed hydra
 13141 | Lair:3   | Received a gift from Okawaru
 13141 | Lair:3   | Reached skill level 1 in Maces & Flails
 13489 | Lair:3   | Noticed a six-headed hydra
 13499 | Lair:3   | Killed a six-headed hydra
 13499 | Lair:3   | Received a gift from Okawaru
 13679 | Lair:3   | Reached skill level 5 in Shields
 13818 | Lair:3   | Received a gift from Okawaru
 13912 | Lair:3   | Found a staircase to the Shoals.
 14086 | Lair:4   | Identified a scroll of acquirement
 14320 | D:7      | Bought the ring of Summer {+Inv rC+ Dex-4 Slay+4 SInv} for
                  | 1422 gold pieces
 14595 | Lair:3   | Received a gift from Okawaru
 14777 | Lair:4   | Noticed Urug
 14798 | Lair:4   | Killed Urug
 14821 | Lair:4   | Received a gift from Okawaru
 15152 | Lair:4   | Received a gift from Okawaru
 15152 | Lair:4   | Reached XP level 14. HP: 79/94 MP: 20/23
 15526 | Lair:4   | Noticed infcreate's ghost (journeyman DECj)
 15527 | Lair:4   | Found a runed translucent gate.
 15577 | Lair:4   | Found a runed translucent gate.
 15577 | Lair:4   | Found a runed translucent gate.
 15663 | Lair:4   | Received a gift from Okawaru
 16206 | D:7      | Bought a pair of embroidered boots for 150 gold pieces
 16206 | D:7      | Bought a helmet for 90 gold pieces
 16461 | Lair:5   | Found a hazy altar of Hepliaklqana.
 16608 | Lair:5   | Received a gift from Okawaru
 16746 | Lair:5   | Reached ****** piety under Okawaru
 16899 | Lair:5   | Received a gift from Okawaru
 17182 | Lair:5   | Received a gift from Okawaru
 17605 | Lair:5   | Found a viscous altar of Jiyva.
 17606 | Lair:5   | Found a staircase to the Slime Pits.
 17834 | Lair:6   | Entered Level 6 of the Lair of Beasts
 18189 | Lair:6   | Received a gift from Okawaru
 18455 | Lair:6   | Noticed Kirke
 18474 | Lair:6   | Killed Kirke
 18528 | Lair:6   | Received a gift from Okawaru
 18529 | Lair:6   | Got a smoking ring mail {god gift}
 18562 | Lair:6   | Reached XP level 15. HP: 93/101 MP: 25/25
 20242 | Orc:1    | Entered Level 1 of the Orcish Mines
 20267 | Orc:1    | Reached skill level 15 in Fighting
 20641 | Orc:1    | Noticed Maimakterion's ghost (journeyman GrFi)
 20687 | Orc:1    | Found a transporter.
 20696 | Orc:1    | Found a transporter.
 21016 | Orc:1    | Received a gift from Okawaru
 21028 | Orc:1    | Killed Maimakterion's ghost
 21028 | Orc:1    | Reached skill level 15 in Invocations
 21069 | Orc:1    | Got a scorched buckler
 21080 | Orc:1    | Identified the +1 buckler of Pimic {Dex+3} (You found it on
                  | level 1 of the Orcish Mines)
 21165 | Orc:1    | Identified the +1 ring mail of Alostidd {Dex+4} (Okawaru
                  | gifted it to you on level 6 of the Lair of Beasts)
 21193 | Orc:2    | Entered Level 2 of the Orcish Mines
 21414 | Orc:2    | Found a staircase to the Elven Halls.
 21610 | Orc:2    | Found a roughly hewn altar of Beogh.
 21764 | Orc:2    | Paralysed by an orc sorcerer for 7 turns
 21770 | Orc:2    | HP: 4/103 [sixfirhy[an orc warlord] (10)]
 21770 | Orc:2    | Killed from afar by an orc sorcerer

Levels and vault maps discovered:
D:1:      co_arrival_square_in_a_square_in_a_square, layout_loops_ring,
          chequers_serial_rivers_small_b
D:2:      layout_basic, first_ration, tgw_kikubaaqudgha
D:3:      layout_rooms, marbit_many_paths, okawaru_ov_weapons_minmay
D:4:      layout_cave_pools, cheibrodos_sewer_entry_bend,
          grunt_dithmenos_smoke_and_mirrors
D:5:      layout_rooms, serial_shops, nicolae_shop_window_shopping
D:6:      lemuel_upstairs_altar, layout_cave_pods, nicolae_ossuary_entry_giza
D:7:      layout_basic, minmay_temple_entry_offerings, serial_shops,
          kennysheep_mini_moat, shop, shop, shop, uniq_crazy_yiuf_cottage,
          uniq_prince_ribbit1, uniq_joseph
D:8:      minmay_weird_star, layout_loops_corners
D:9:      minmay_the_grid_four_pointed_star
          [minmay_the_grid_triangle_9x9_swiss_cheese,
          minmay_the_grid_triangle_9x9_sparse_checkered,
          minmay_the_grid_triangle_9x9_alien,
          minmay_the_grid_triangle_9x9_sprig, minmay_the_grid_prize_big_room],
          layout_loops_ring, david_nohive_1, minmay_misc_feat_roman,
          minmay_curled_crystal
D:10:     layout_loops_ring, erik_lair_dragon, orc_0_dummy
D:11:     layout_small_grid
D:12:     minmay_polygon_palace, layout_basic
Lair:1:   layout_misc_corridors, chequers_serial_rivers_small_3
Lair:2:   layout_loops_ring, spider_nest_entry_a, gammafunk_ghost_arena,
          serial_bayou_shore_a
Lair:3:   layout_roguey, minmay_shoals_entry_lonely_mermaid,
          minmay_lair_oklob_chamber
Lair:4:   layout_regular_city, ebering_ghost_rock_garden,
          cheibrodos_lair_caveside_slide, serial_bayou_pond_d, uniq_urug
Lair:5:   regret_index_combs_of_tragedy, layout_regular_city, slime_altar_1,
          basic_altar, nicolae_quartered_pool_medium, lemuel_fruit_tree,
          infiniplex_staircase_pool
Lair:6:   evilmike_catoblepas_cave, layout_layer_cave,
          cheibrodos_lair_lostbears, uniq_kirke
Orc:1:    layout_diamond_mine, gammafunk_ghost_arena, elves_outpost_lemuel
Orc:2:    grunt_orc_community_town_hall, layout_caves,
          grunt_orc_community_big_house_1, grunt_orc_community_big_house_1,
          grunt_orc_community_house_2, grunt_orc_community_house_2,
          grunt_orc_community_house_3, grunt_orc_community_house_1,
          grunt_orc_community_house_1, grunt_orc_community_house_1

Skill      XL: |  1  2  3  4  5  6  7  8  9 10 11 12 13 14 15 |
---------------+----------------------------------------------+-----
Crossbows      | 5 6 7 9 10 11 12 | 12.9
Stealth        | 2 3 |  3.2
Dodging        | 3 4 5 6 8 9 11 12 13 | 13.4
Fighting       | 3 4 5 6 7 8 10 11 13 14 15 | 15.4
Invocations    | 1 2 3 4 6 8 9 11 12 14 15 | 15.1
Shields        | 4 6 |  6.0
Maces & Flails | 2 |  2.5
Armour         | |  0.7

Action                   |  1- 3 |  4- 6 |  7- 9 | 10-12 | 13-15 || total
-------------------------+-------+-------+-------+-------+-------++-------
Melee: Short sword       |       |    53 |       |       |       ||    53
       Mace              |       |    58 |   322 |    47 |       ||   427
       Punch             |       |       |     4 |     3 |       ||     7
       Morningstar       |       |       |       |   113 |   194 ||   307
       Hand crossbow     |       |       |       |     1 |     2 ||     3
 Fire: Hand crossbow     |    55 |    55 |    52 |   660 |  1195 ||  2017
Throw: Dart              |       |       |    37 |    57 |       ||    94
Invok: Heroism           |       |       |    11 |    27 |    34 ||    72
       Finesse           |       |       |       |     1 |    10 ||    11
Evoke: Wand              |       |     9 |    18 |    14 |     5 ||    46
       Lamp of fire      |       |       |       |       |     1 ||     1
  Use: Scroll            |     2 |     3 |    10 |    16 |     7 ||    38
       Potion            |       |     2 |     1 |     8 |     7 ||    18
 Stab: Sleeping          |       |     4 |     8 |       |       ||    12
       Confused          |       |       |     1 |       |       ||     1
  Eat: Ration            |       |     2 |       |     5 |     3 ||    10
       Chunk             |       |     5 |    14 |     9 |    20 ||    48
Armor: Leather armour    |     3 |       |     4 |       |       ||     7
       Ring mail         |       |    17 |    69 |    12 |       ||    98
       Chain mail        |       |       |       |   158 |   205 ||   363
Dodge: Dodged            |    14 |   102 |   354 |   481 |   440 ||  1391
Block: Buckler           |       |       |       |    91 |   476 ||   567
       Reflection        |       |       |       |       |     7 ||     7
